 Dungeon Crawl Stone Soup version 0.17-a0-777-g32247ce (webtiles) character file.

394 xeno23 the Schismatic (level 6, -2/48 HPs)
             Began as a Demonspawn Abyssal Knight on Apr 25, 2015.
             Was an Elder of Lugonu.
             Slain by an ogre
             ... wielding a +0 giant club
              (19 damage)
             ... while paralysed by a crimson imp
             ... on level 4 of the Dungeon.
             The game lasted 00:18:31 (3972 turns).

xeno23 the Schismatic (Demonspawn Abyssal Knight)   Turns: 3972, Time: 00:18:31

Health: -2/48      AC:  9    Str: 15    XL:     6   Next: 51%
Magic:  9/9        EV:  2    Int: 13    God:    Lugonu [****..]
Gold:   232        SH:  0    Dex: 12    Spells: 0 memorised, 5 levels left

rFire  . . .     SeeInvis .     x - +0 blowgun (curse)
rCold  + . .     Clarity  .     b - +0 leather armour
rNeg   . . .     SustAb   .     (no shield)
rPois  +         Gourm    .     (no helmet)
rElec  .         Spirit   .     (no cloak)
rCorr  .         Warding  .     r - +0 pair of gloves
rMut   .         Stasis   .     (no boots)
MR     .....                    (no amulet)
Stlth  +.........               i - +3 ring of protection
                                l - ring of poison resistance

@: paralysed, not resistant to hostile enchantments, very unstealthy
A: hooves 1, thin metallic scales 1, cold resistance 1
a: Depart the Abyss, Bend Space, Banish, Corrupt, Renounce Religion


You were on level 4 of the Dungeon.
You worshipped Lugonu.
Lugonu was greatly pleased with you.
You were not hungry.

You visited 1 branch of the dungeon, and saw 4 of its levels.
You visited the Abyss 1 time.
You also visited: Sewer.

You collected 232 gold pieces.

Inventory:

Hand weapons
 a - a +0 club
 f - a +4 whip of electrocution
 g - a +0 blowgun
 x - a cursed +0 blowgun (weapon)
Armour
 b - a +0 leather armour (worn)
 r - a +0 pair of gloves (worn)
Jewellery
 i - a +3 ring of protection (right hand)
 l - a ring of poison resistance (left hand)
Magical devices
 e - a wand of slowing (25)
Scrolls
 d - a scroll of identify
 p - a scroll of magic mapping
 t - a scroll of teleportation
Potions
 j - 2 potions of agility
 k - 6 potions of heal wounds
 m - 2 potions of flight
 n - a potion of lignification
 o - 2 potions of cure mutation
 v - 4 potions of might
 w - 5 potions of curing
 z - a potion of brilliance
Comestibles
 c - 3 bread rations
 h - 4 meat rations


   Skills:
 + Level 4.3 Fighting
   Level 1.9 Long Blades
 * Level 2.4 Maces & Flails
 + Level 3.1 Armour
 + Level 2.5 Dodging
 + Level 4.6 Invocations


You had 5 spell levels left.
You didn't know any spells.

Dungeon Overview and Level Annotations

Branches:
Dungeon (4/15)
 Temple: D:4-7

Altars:
Ashenzari
Qazlal
Xom
Zin


Innate Abilities, Weirdness & Mutations

You have large cloven feet.
You are partially covered in thin metallic scales (AC +2).
Your flesh is cold resistant.


Message History

Throwing (i - inventory):
q - 2 javelins (quivered)
Press: ? - help, Shift-Dir - straight line, f/p - ogre
Aim: an ogre, wielding a giant club (heavily wounded)
You throw a javelin. The javelin hits the ogre.
The ogre is severely wounded.
The kobold hits you but does no damage.
Throwing (i - inventory):
q - a javelin (quivered)
Press: ? - help, Shift-Dir - straight line, f/p - ogre
Aim: an ogre, wielding a giant club (severely wounded)
You throw a javelin. The javelin hits the kobold.
You kill the kobold!
Lugonu accepts your kill. The kobold closely misses you.
The crimson imp hits you but does no damage.
You suddenly lose the ability to move!
The crimson imp hits you but does no damage.
The ogre hits you with a giant club! The crimson imp barely misses you.
The ogre hits you with a giant club!!
You die...

#...................
##.............###..
##(..........## *#.
##)......).## *#
#..##....#..# *
###..########.# *
#.#.## #.#.#.#
##.KO### #.#.#.#
#...@5.###...#.#
#........'._.'.#
#........#...###
#.......##.#.#
#.......##.#.#
#......#######
#......# ##....##
##..##


You could see an ogre, a crimson imp and a kobold.

Vanquished Creatures
  A big kobold (Sewer)
  A scorpion (D:4)
  A centaur skeleton (D:4)
  Ijyb (D:3)
  2 gnolls
  7 adders
  3 river rats (Sewer)
  2 worms
  3 ball pythons (Sewer)
  12 bats
  4 giant cockroaches
  13 goblins
  5 hobgoblins
  4 jackals (D:2)
  23 kobolds
  2 quokkas
  2 giant geckos
  3 giant newts
  31 rats
120 creatures vanquished.

Vanquished Creatures (others)
  6 butterflies (D:4)
6 creatures vanquished.

Grand Total: 126 creatures vanquished

Notes
Turn   | Place    | Note
--------------------------------------------------------------
     0 | Abyss:1  | xeno23, the Demonspawn Abyssal Knight, began the quest for the Orb.
     0 | Abyss:1  | Reached XP level 1. HP: 18/18 MP: 2/2
     2 | Abyss:1  | Found a corrupted altar of Lugonu.
    75 | Abyss:1  | Noticed a ynoxinul
    77 | D:1      | Escaped the Abyss
    96 | D:1      | Acquired Lugonu's first power
   136 | D:1      | Reached skill level 1 in Dodging
   142 | D:1      | Gained mutation: Your flesh is cold resistant. [demonic ancestry]
   142 | D:1      | Reached XP level 2. HP: 18/24 MP: 4/4
   752 | D:2      | Gained mutation: You have large cloven feet. [demonic ancestry]
   752 | D:2      | Reached XP level 3. HP: 29/29 MP: 5/5
   772 | D:2      | Acquired Lugonu's second power
  2056 | D:3      | Gained mutation: You are partially covered in thin metallic scales (AC +2). [demonic ancestry]
  2056 | D:3      | Reached XP level 4. HP: 29/37 MP: 6/6
  2154 | D:3      | Found a shattered altar of Ashenzari.
  2200 | D:3      | Noticed Ijyb
  2215 | D:3      | Killed Ijyb
  2267 | D:3      | Found a stormy altar of Qazlal.
  2494 | D:4      | Reached skill level 1 in Maces & Flails
  2494 | D:4      | Reached skill level 4 in Invocations
  2494 | D:4      | Reached XP level 5. HP: 42/42 MP: 6/8
  2514 | D:4      | Noticed an angel
  2515 | D:4      | Found a glowing silver altar of Zin.
  2515 | D:4      | Found a shimmering altar of Xom.
  2680 | D:4      | Found a glowing drain.
  2700 | Sewer    | Entered a sewer
  2734 | Sewer    | Acquired Lugonu's third power
  2796 | Sewer    | Reached XP level 6. HP: 44/48 MP: 9/9
  3023 | Sewer    | Acquired Lugonu's fourth power
  3417 | D:4      | Found a shimmering altar of Xom.
  3889 | D:4      | Noticed an ogre
  3969 | D:4      | Paralysed by a crimson imp for 4 turns
  3972 | D:4      | Slain by an ogre

Action                   |  1- 3 |  4- 6 || total
-------------------------+-------+-------++-------
Melee: Mace              |   143 |       ||   143
       Whip              |       |   173 ||   173
       Blowgun           |       |   207 ||   207
 Fire: Blowgun           |       |    21 ||    21
Throw: Javelin           |       |    12 ||    12
Invok: Depart the Abyss  |     1 |       ||     1
Evoke: Wand              |       |     2 ||     2
  Use: Scroll            |       |    18 ||    18
  Eat: Chunk             |     4 |     4 ||     8
       Bread ration      |       |     1 ||     1
       Fruit             |       |     1 ||     1
